 Dungeon Crawl Stone Soup version 0.23.0 (webtiles) character file.

Game seed: 18079693034259002298

6104 Tiagovsky the Blocker (level 10, -3/67 HPs)
             Began as a Gargoyle Fighter on Feb 18, 2019.
             Was a Believer of the Shining One.
             Slain by an orc knight
             ... wielding a cursed -3 dire flail
              (16 damage)
             ... on level 9 of the Dungeon.
             The game lasted 00:55:11 (11049 turns).

Tiagovsky the Blocker (Gargoyle Fighter)           Turns: 11049, Time: 00:55:11

Health: -3/67      AC: 15    Str: 26    XL:     10   Next: 88%
Magic:  9/11       EV: 11    Int:  8    God:    the Shining One [**....]
Gold:   539        SH: 26    Dex:  9    Spells: 9/9 levels left

rFire    . . .     SeeInvis +   w - +1 flail
rCold    . . .     Gourm    .   c - +2 shield
rNeg     + + .     Faith    .   b - +0 scale mail
rPois    ∞         Spirit   .   (no helmet)
rElec    +         Reflect  +   (no cloak)
rCorr    .         Harm     .   i - +0 pair of gloves
MR       .....                  (no boots)
Stlth    ..........             k - +5 amulet of reflection
HPRegen  0.21/turn              n - ring of see invisible
MPRegen  0.12/turn              d - +2 ring of strength

@: divine shield, glowing
A: negative energy resistance 1, electricity resistance, unbreathing,
petrification resistance, rot immunity, AC +7
a: Divine Shield, Renounce Religion


You were on level 9 of the Dungeon.
You worshipped the Shining One.
The Shining One was pleased with you.
You were not hungry.

You visited 2 branches of the dungeon, and saw 11 of its levels.

You collected 539 gold pieces.

Inventory:

Hand Weapons
 q - a +3 hunting sling
 w - a +1 flail (weapon)
Missiles
 g - 267 stones
 o - 20 tomahawks (quivered)
 u - 61 sling bullets
Armour
 b - a +0 scale mail (worn)
 c - a +2 shield (worn)
 i - a +0 pair of gloves (worn)
 p - a cursed +0 plate armour
Jewellery
 d - a +2 ring of strength (right hand)
 k - a +5 amulet of reflection (around neck)
 n - a ring of see invisible (left hand)
 r - an uncursed amulet of magic regeneration
 C - an uncursed ring of resist corrosion
 E - an uncursed ring of magical power
Scrolls
 e - 2 scrolls of fear
 t - 4 scrolls of remove curse
 v - 2 scrolls of fog
 x - 2 scrolls of enchant armour
 y - 3 scrolls of teleportation
 G - 2 scrolls of magic mapping
 H - a scroll of amnesia
 I - a scroll of identify
Potions
 a - a potion of degeneration {unknown}
 h - a potion of magic
 j - 2 potions of curing
 l - 2 potions of flight {unknown}
 m - 3 potions of brilliance {unknown}
 s - a potion of haste {unknown}
 z - 2 potions of cancellation {unknown}
 A - 2 potions of mutation {unknown}
 B - a potion of heal wounds {unknown}
 D - a potion of agility {unknown}
 F - a potion of berserk rage {unknown}
Comestibles
 f - 20 rations
 J - 2 chunks of flesh


   Skills:
 + Level 9.7 Fighting
 + Level 8.6 Maces & Flails
 - Level 3.2 Armour
 + Level 5.7 Dodging
 + Level 9.7 Shields
 + Level 1.5 Invocations


You had 9 spell levels left.
You didn't know any spells.
Your spell library was empty.

Dungeon Overview and Level Annotations

Branches:
Dungeon (10/15)            Temple (1/1) D:7             Orc (0/2) D:10
   Lair: D:8-11

Altars:
Ashenzari
Cheibriados
Dithmenos
Elyvilon
Fedhas
Gozag
Hepliaklqana
Kikubaaqudgha
Makhleb
Nemelex Xobeh
Okawaru
Qazlal
Ru
Sif Muna
Trog
Uskayaw
Vehumet
Wu Jian
Xom
Yredelemnul
Zin
The Shining One
Jiyva

Shops:
D:5 =   D:7 %*

Annotations:
D:9 Prince Ribbit


Innate Abilities, Weirdness & Mutations

You are resistant to torment.
Your stone body is resilient. (AC +7)
You are immune to poison.
You resist negative energy. (rN+)
You are resistant to electric shocks. (rElec)
You can survive without breathing.
You are immune to petrification.
You are immune to rotting.


Message History

You block the orc knight's attack.
You closely miss the orc knight.
The orc knight is almost dead.
You block the orc knight's attack.
You barely miss the orc knight.
The orc knight is almost dead.
You block the orc knight's attack.
You hit the orc knight.
The orc knight is almost dead.
You block the orc knight's attack.
You hit the orc knight.
The orc knight is almost dead.
You block the orc knight's attack.
You barely miss the orc knight.
The orc knight is almost dead.
You block the orc knight's attack.
You barely miss the orc knight.
The orc knight is almost dead.
The orc knight hits you with a cursed -3 dire flail!
You die...

.'..###............#.#..........#
.#### #............#.#..........#
.# #............#.#....).....# .#
#............#.#..........# .#
#............'.#..........# .#
#............####'######### ##
#............# #.##
##########o### #..# #..[@#
###'######## #####.####
#........... ######........#
#...........
####.............#####...........
.....####...........##...........
###### #........##..#..........(
#........###.'....[......
#........# ###...........
#........# #...........


You could see an orc knight.

Vanquished Creatures
  A two-headed ogre (D:9)
  An orc sorcerer (D:10)
  A human (D:7)
  A yak (D:7)
  A wraith (D:10)
  3 hogs (D:7)
  A hungry ghost (D:7)
  4 wargs
  A water moccasin (D:8)
  7 orc warriors
  2 phantoms
  A necrophage (D:8)
  4 ogres
  2 bullfrogs
  A wyvern skeleton (D:9)
  2 scorpions
  6 killer bees (D:7)
  A water moccasin skeleton (D:4)
  The ghost of p0werm0de the Skirmisher, a weakling DsWn of Uskayaw (D:4)
  5 wights
  4 electric eels (D:7)
  A crimson imp (D:5)
  A howler monkey (D:5)
  7 hounds
  6 orc wizards
  A jelly (D:6)
  4 orc priests
  3 iguanas
  Natasha (D:2)
  8 worker ants
  A killer bee zombie (D:5)
  A hound zombie (D:9)
  2 hound skeletons
  3 gnolls (D:4)
  8 adders
  2 shadow imps
  3 oozes
  An adder skeleton (D:4)
  A worm (D:2)
  3 dart slugs
  4 leopard geckos
  49 orcs
  5 giant cockroaches
  3 goblins
  7 hobgoblins
  4 jackals
  5 kobolds
  3 quokkas
  3 ball pythons (D:3)
  6 bats
  4 frilled lizards
  A jackal skeleton (D:7)
  A jackal zombie (D:6)
  A leopard gecko skeleton (D:4)
  2 leopard gecko zombies (D:5)
  12 rats
  A plant (D:2)
218 creatures vanquished.

Vanquished Creatures (others)
  A centaur (D:5)
  A worker ant (D:4)
  A leopard gecko (D:7)
  A plant (D:7)
4 creatures vanquished.

Grand Total: 222 creatures vanquished

Notes
Turn   | Place    | Note
-------+----------+-------------------------------------------
     0 | D:1      | Tiagovsky the Gargoyle Fighter began the quest for the Orb.
     0 | D:1      | Reached XP level 1. HP: 14/14 MP: 1/1
   242 | D:1      | Reached XP level 2. HP: 19/19 MP: 2/2
   492 | D:1      | Reached XP level 3. HP: 24/24 MP: 3/3
  1156 | D:2      | Reached XP level 4. HP: 27/29 MP: 4/4
  1192 | D:2      | Noticed Natasha
  1199 | D:2      | Killed Natasha
  1487 | D:2      | Found a sacrificial altar of Ru.
  1515 | D:2      | Found a glowing golden altar of the Shining One.
  1580 | D:2      | Found a blossoming altar of Fedhas.
  1722 | D:3      | Reached XP level 5. HP: 19/34 MP: 5/5
  2065 | D:3      | Found an ancient bone altar of Kikubaaqudgha.
  2071 | D:3      | Found a sparkling altar of Nemelex Xobeh.
  2615 | D:4      | Reached skill level 5 in Shields
  2615 | D:4      | Reached XP level 6. HP: 40/40 MP: 6/6
  2668 | D:4      | Reached skill level 5 in Fighting
  3160 | D:4      | Found a shimmering altar of Xom.
  3213 | D:4      | Reached XP level 7. HP: 40/44 MP: 7/7
  3265 | D:4      | Found a runed translucent door.
  3266 | D:4      | Noticed p0werm0de's ghost (weakling DsWn)
  3283 | D:4      | Killed p0werm0de's ghost
  3874 | D:5      | Entered Level 5 of the Dungeon
  3948 | D:5      | Reached skill level 5 in Maces & Flails
  3948 | D:5      | Reached skill level 1 in Dodging
  4148 | D:5      | Reached XP level 8. HP: 52/52 MP: 8/8
  4290 | D:5      | Found Jihoca's Jewellery Shop.
  4578 | D:2      | Became a worshipper of the Shining One
  6728 | D:7      | Reached XP level 9. HP: 52/57 MP: 9/9
  6768 | D:7      | Found Zin's Purification Station.
  6771 | D:7      | Found a glowing silver altar of Zin.
  6876 | D:7      | Found Dokiu's Food Shop.
  7077 | D:6      | Reached * piety under the Shining One
  7531 | D:7      | Found a staircase to the Ecumenical Temple.
  7546 | Temple   | Entered the Ecumenical Temple
  8677 | D:7      | Reached XP level 10. HP: 65/65 MP: 10/10
  8907 | D:8      | Found a radiant altar of Vehumet.
  9168 | D:9      | Found a stormy altar of Qazlal.
  9188 | D:9      | Noticed Prince Ribbit
  9370 | D:9      | Found a bloodstained altar of Trog.
  9385 | D:9      | Found a snail-covered altar of Cheibriados.
  9387 | D:9      | Noticed a two-headed ogre
  9395 | D:9      | Killed a two-headed ogre
  9395 | D:9      | Reached skill level 5 in Dodging
  9633 | D:9      | Found an ornate altar of the Wu Jian Council.
  9698 | D:9      | Found a basalt altar of Yredelemnul.
  9956 | D:10     | Entered Level 10 of the Dungeon
 10037 | D:10     | Found a staircase to the Orcish Mines.
 10187 | D:10     | Reached ** piety under the Shining One
 10449 | D:10     | Noticed an orc knight
 10449 | D:10     | Noticed an orc sorcerer
 10476 | D:10     | Noticed a sixfirhy
 10488 | D:10     | Noticed a smoke demon
 10859 | D:10     | Killed an orc sorcerer
 10859 | D:10     | Reached skill level 1 in Invocations
 11049 | D:9      | Slain by an orc knight

Skill      XL: |  1  2  3  4  5  6  7  8  9 10 |
---------------+-------------------------------+-----
Shields        | 4 5 6 7 8 9 |  9.7
Fighting       | 4 5 6 7 8 9 |  9.7
Maces & Flails | 3 4 5 6 7 8 |  8.6
Dodging        | 1 3 4 5 |  5.7
Invocations    | 1 |  1.5
Armour         | |  3.2

Action                   |  1- 3 |  4- 6 |  7- 9 | 10-12 || total
-------------------------+-------+-------+-------+-------++-------
Melee: Flail             |   123 |   163 |   423 |   243 ||   952
       Hunting sling     |    22 |       |       |       ||    22
 Fire: Hunting sling     |    23 |       |     6 |    29 ||    58
Throw: Tomahawk          |     6 |    11 |     8 |     8 ||    33
       Stone             |     2 |       |       |       ||     2
Invok: Divine Shield     |       |       |       |     1 ||     1
  Use: Scroll            |     1 |    10 |     7 |     2 ||    20
       Potion            |       |       |     2 |     1 ||     3
  Eat: Chunk             |     1 |     7 |    18 |     8 ||    34
       Ration            |       |       |     1 |       ||     1
Armor: Scale mail        |   114 |    82 |   136 |    27 ||   359
Dodge: Dodged            |    36 |    32 |   122 |    61 ||   251
Block: Shield            |   159 |   151 |   428 |   227 ||   965
       Reflection        |     1 |     3 |     8 |       ||    12
